 Dungeon Crawl Stone Soup version 0.23.2-40-g277498a (webtiles) character file.

Game seed: 14478340642224519532

3215 Aphrodieselac the Spear-Bearer (level 9, -3/61 HPs)
             Began as a Merfolk Skald on Aug 28, 2019.
             Slain by a hellwing (8 damage)
             ... on level 6 of the Dungeon.
             The game lasted 00:38:42 (7570 turns).

Aphrodieselac the Spear-Bearer (Merfolk Skald)      Turns: 7570, Time: 00:38:42

Health: -3/61      AC:  9    Str: 13    XL:     9   Next: 97%
Magic:  9/12       EV: 11    Int: 14    God:
Gold:   351        SH:  3    Dex: 13    Spells: 4/12 levels left

rFire    + . .     SeeInvis .   u - +2 spear (pierce)
rCold    + . .     Gourm    .   n - +0 buckler
rNeg     . . .     Faith    .   M - +2 leather armour {rF+}
rPois    .         Spirit   .   m - +1 hat
rElec    .         Reflect  .   F - +0 cloak
rCorr    .         Harm     .   g - +0 pair of gloves
MR       .....                  e - +0 pair of boots
Stlth    +.........             (no amulet)
HPRegen  0.20/turn              G - ring of wizardry
MPRegen  0.13/turn              K - ring of protection from cold

@: infused
A: change form in water, swift swim, stealthy swim
a: no special abilities


You were on level 6 of the Dungeon.
You were not hungry.

You visited 1 branch of the dungeon, and saw 7 of its levels.

You collected 351 gold pieces.

Inventory:

Hand Weapons
 o - a +0 hunting sling
 u - a +2 spear of piercing (weapon)
 A - a +0 trident
Missiles
 c - 44 sling bullets
 w - 7 tomahawks (quivered)
Armour
 e - a +0 pair of boots (worn)
 f - a scarf of spirit shield
 g - a +0 pair of gloves (worn)
 m - a +1 hat (worn)
 n - a +0 buckler (worn)
 F - a +0 cloak (worn)
 M - a +2 leather armour of fire resistance (worn)
Jewellery
 j - an uncursed ring of positive energy
 y - an uncursed ring of flight
 C - an uncursed ring of poison resistance {unknown}
 G - a ring of wizardry (left hand)
 K - a ring of protection from cold (right hand)
Wands
 H - a wand of digging (6)
 J - a wand of acid (1)
 L - a wand of iceblast (14)
Scrolls
 b - a scroll of magic mapping {unknown}
 k - 4 scrolls of identify
 p - a scroll of fog {unknown}
 q - 3 scrolls of remove curse
 t - 2 scrolls of amnesia {unknown}
 v - a scroll of holy word {unknown}
 x - 2 scrolls of teleportation {unknown}
 B - a scroll of blinking {unknown}
 I - a scroll of immolation {unknown}
Potions
 a - a potion of agility {unknown}
 h - a potion of mutation {unknown}
 i - 2 potions of flight {unknown}
 l - a potion of curing {unknown}
 r - a potion of invisibility {unknown}
 s - a potion of haste {unknown}
 z - a potion of might {unknown}
 D - a potion of cancellation
 E - a potion of brilliance {unknown}
Comestibles
 d - 16 rations


   Skills:
 - Level 2.1 Fighting
 + Level 12.7 Polearms
 - Level 0.6 Armour
 - Level 2.6 Dodging
 - Level 2.0 Spellcasting
 - Level 11.5 Charms


You had 4 spell levels left.
You knew the following spells:

 Your Spells              Type           Power        Failure   Level  Hunger
a - Infusion              Chrm           ####         1%          1    ##.....
b - Song of Slaying       Chrm           ####....     1%          2    ###....
c - Shroud of Golubria    Chrm/Tloc      ###.......   2%          2    ###....
d - Spectral Weapon       Hex/Chrm       ###.....     6%          3    ####...

Your spell library contained the following spells:

 Spells                   Type           Power        Failure   Level  Hunger
 Regeneration             Chrm/Necr      ###.......   6%          3    ####...


Dungeon Overview and Level Annotations

Branches:
Dungeon (7/15)
 Temple: D:4-7

Altars:
Ashenzari
Cheibriados
Dithmenos
Hepliaklqana
Nemelex Xobeh
Xom
Zin

Shops:
D:7 [

Annotations:
D:7 Pikel


Message History

Your shroud falls apart!
The hellwing hits you but does no damage.
You hit the hellwing but do no damage.
Your shield and leather armour prevent you from hitting the hellwing.
The hellwing hits you but does no damage.
The hellwing barely misses you.
You hit the hellwing.
The hellwing is lightly wounded.
You hit the hellwing.
The hellwing is lightly wounded.
The hellwing barely misses you. The hellwing hits you.
* * * LOW HITPOINT WARNING * * *
Evoke which item? (* to show all) (? for menu, Esc to quit)
Aiming: Iceblast
Press: ? - help, Shift-Dir - straight line The mass of ice explodes!
The iceblast engulfs the hellwing but does no damage.
The hellwing is lightly wounded.
The hellwing hits you!
You die...

######...###########..###..###
#<..........>..#.....#..#..
#..............#.....#..#..
#..............#.....#..#..
##..####..###..#######..###
#######..###..##...##..##.
#......#....#..........
#.....4#....#..........
#.....@#....#..........
##..##.##.###.####.###.
#####.##.###'####.###<
#..............#...
#..............'...
#...)..........#...
#..............#...
###################


You could see a hellwing.

Vanquished Creatures
  2 centaur zombies (D:7)
  A centaur skeleton (D:7)
  A spriggan (D:7)
  A sky beast (D:7)
  A black bear (D:6)
  An ice beast (D:6)
  An orc warrior (D:6)
  3 ogres
  3 bullfrogs (D:6)
  2 wyvern zombies (D:7)
  A scorpion (D:7)
  3 killer bees
  6 crimson imps
  A bullfrog skeleton (D:4)
  3 hounds
  8 orc wizards
  2 iguanas (D:5)
  4 worker ants
  A hound skeleton (D:3)
  A mummy (D:7)
  10 adders
  4 gnolls
  3 shadow imps (D:7)
  An ooze (D:2)
  2 worms (D:2)
  2 dart slugs
  4 leopard geckos
  23 orcs
  4 bats
  6 giant cockroaches
  11 goblins
  5 hobgoblins
  13 jackals
  8 kobolds
  3 quokkas
  A ball python (D:3)
  4 frilled lizards
  A leopard gecko skeleton (D:4)
  A quokka skeleton (D:7)
  7 rats
159 creatures vanquished.

Vanquished Creatures (others)
  An orc (D:4)
1 creature vanquished.

Grand Total: 160 creatures vanquished

Notes
Turn   | Place    | Note
-------+----------+-------------------------------------------
     0 | D:1      | Aphrodieselac the Merfolk Skald began the quest for the
                  | Orb.
     0 | D:1      | Reached XP level 1. HP: 16/16 MP: 3/3
   299 | D:1      | Reached XP level 2. HP: 22/22 MP: 1/5
   726 | D:1      | Reached XP level 3. HP: 24/27 MP: 6/6
  1207 | D:2      | Reached skill level 4 in Polearms
  1222 | D:2      | Found a hazy altar of Hepliaklqana.
  1331 | D:2      | Reached XP level 4. HP: 25/33 MP: 5/7
  1601 | D:3      | Reached skill level 5 in Charms
  1609 | D:3      | Learned a level 2 spell: Song of Slaying
  1612 | D:3      | Learned a level 2 spell: Shroud of Golubria
  1922 | D:3      | Found a shattered altar of Ashenzari.
  2002 | D:3      | Reached XP level 5. HP: 37/38 MP: 4/8
  2279 | D:2      | Reached skill level 5 in Polearms
  2747 | D:4      | Noticed an ogre
  2786 | D:4      | Noticed an ogre
  2864 | D:5      | Entered Level 5 of the Dungeon
  2919 | D:5      | Reached XP level 6. HP: 37/44 MP: 9/9
  3117 | D:4      | HP: 2/44 [ogre/+0 giant club (17)]
  3118 | D:4      | Reached skill level 6 in Polearms
  3526 | D:4      | Reached XP level 7. HP: 47/50 MP: 10/10
  4102 | D:4      | Reached skill level 7 in Polearms
  4427 | D:4      | Found a shimmering altar of Xom.
  4599 | D:5      | Reached XP level 8. HP: 42/56 MP: 4/11
  4753 | D:5      | Reached skill level 8 in Polearms
  5260 | D:6      | Learned a level 3 spell: Spectral Weapon
  5605 | D:6      | Found a glowing silver altar of Zin.
  5746 | D:6      | Found a sparkling altar of Nemelex Xobeh.
  6172 | D:6      | Reached skill level 9 in Polearms
  6172 | D:6      | Reached skill level 10 in Charms
  6207 | D:7      | Found Heacloch's Armour Shoppe.
  6238 | D:7      | Found a shadowy altar of Dithmenos.
  6448 | D:7      | Reached XP level 9. HP: 52/61 MP: 0/12
  6563 | D:7      | Noticed Pikel
  6831 | D:7      | Reached skill level 10 in Polearms
  6879 | D:7      | Noticed a hellwing
  7174 | D:7      | Reached skill level 11 in Polearms
  7341 | D:7      | Found a snail-covered altar of Cheibriados.
  7372 | D:7      | Reached skill level 12 in Polearms
  7570 | D:6      | Slain by a hellwing

Skill      XL: |  1  2  3  4  5  6  7  8  9 |
---------------+----------------------------+-----
Charms         | 4 5 6 7 8 10 11 | 11.5
Polearms       | 4 5 6 7 9 12 | 12.7
Fighting       | |  2.1
Armour         | |  0.6
Dodging        | |  2.6
Spellcasting   | |  2.0

Action                   |  1- 3 |  4- 6 |  7- 9 || total
-------------------------+-------+-------+-------++-------
Melee: Spear             |   143 |   231 |   381 ||   755
 Cast: Infusion          |     8 |    11 |    23 ||    42
       Shroud of Golubri |       |     4 |    14 ||    18
       Song of Slaying   |       |       |     2 ||     2
Evoke: Wand              |       |       |     1 ||     1
  Use: Scroll            |       |       |     2 ||     2
  Eat: Chunk             |     2 |     8 |    11 ||    21
       Ration            |       |       |     1 ||     1
Armor: Leather armour    |    30 |    48 |    81 ||   159
Dodge: Dodged            |    75 |    92 |   138 ||   305
Block: Buckler           |     1 |    23 |    38 ||    62
